Map: Blackpink LE

Players

SpeCial - Winner!

  • Race: Terran Terran
  • Spawn Location: 1:00

EGG

  • Race: Zerg Zerg
  • League: Grandmaster
  • Spawn Location: 7:00

VOD

Have the link to the VOD?

Description

Time

  • Played on: Feb. 2, 2018, 3:57 p.m.
  • Length: 13:16
Show
View Real Time Build Order
Export as new Build Order

SpeCial Terran - Winner!

Build Orders: Liberator Opening, Reaper Expand, Bio Tank 

Get SALT Encoding   

  12  0:01  SCV  
  13  0:13  SCV  
  14  0:17  Supply Depot  
  14  0:25  SCV  
  15  0:39  SCV  
  15  0:41  Barracks  
  16  0:44  Refinery  
  16  0:51  SCV  
  17  1:03  SCV  
  18  1:15  SCV  
  19  1:29  Reaper, Orbital Command  
  20  1:40  Command Center  
  20  1:52  Supply Depot  
  20  1:56  SCV  
  20  2:00  Marine  
  22  2:05  Factory  
  22  2:08  SCV  
  23  2:14  Refinery  
  23  2:20  SCV  
  23  2:21  Barracks Reactor  
  24  2:32  SCV  
  25  2:44  SCV  
  26  2:52  Starport  
  26  2:56  SCV, Orbital Command  
  27  3:04  Hellion  
  27  3:05  Hellion  
  31  3:07  Barracks Tech Lab  
  31  3:08  SCV  
  31  3:11  Liberator  
  32  3:20  SCV  
  32  3:22  SCV  
  32  3:25  Hellion  
  32  3:26  Hellion  
  38  3:32  SCV  
  42  3:34  SCV  
  42  3:37  Supply Depot  
  43  3:42  Stimpack  
  43  3:44  SCV  
  43  3:46  SCV  
  45  3:55  Supply Depot  
  45  3:57  SCV  
  45  3:59  SCV, Hellion x2  
  51  4:09  Command Center  
  51  4:10  Marine  
  51  4:16  SCV x2  
  54  4:21  Supply Depot  
  54  4:28  Marine  
  54  4:30  SCV x2  
  57  4:32  Factory Tech Lab  
  57  4:33  Starport Reactor, Barracks  
  57  4:39  Barracks  
  57  4:45  SCV x2  
  59  4:46  Marine  
  60  4:57  SCV  
  60  4:58  SCV  
  51  5:00  Siege Tank  
  51  5:04  Marine  
  53  5:09  SCV  
  53  5:10  SCV, Engineering Bay  
  53  5:12  Engineering Bay  
  55  5:17  Refinery x2  
  55  5:21  SCV, Marine  
  56  5:24  Marine x2  
  56  5:26  Orbital Command  
  56  5:30  SCV  
  56  5:32  Starport Reactor  
  56  5:33  SCV, Siege Tank  
  56  5:34  Marine x2  
  63  5:38  Terran Infantry Armor Level 1, Terran Infantry Weapons Level 1  
  63  5:39  Marine  
  65  5:42  SCV  
  65  5:43  Marine x2  
  65  5:45  SCV  
  65  5:46  Combat Shields  
  65  5:47  Orbital Command  
  65  5:49  Supply Depot  
  68  5:52  Marine x2  
  68  5:55  SCV  
  71  5:57  Marine  
  71  6:00  Marine x2  
  71  6:01  Supply Depot  
  75  6:04  SCV  
  75  6:07  SCV  
  75  6:10  Marine x2, Medivac x2  
  82  6:12  SCV  
  82  6:15  Marine  
  82  6:16  SCV  
  85  6:18  Marine x2  
  85  6:19  SCV  
  85  6:23  Supply Depot  
  85  6:24  SCV  
  89  6:28  SCV  
  89  6:29  Barracks  
  89  6:30  Barracks  
  89  6:31  SCV, Marine  
  89  6:32  Marine, Refinery  
  93  6:33  Marine  
  93  6:36  Marine x2  
  93  6:39  Siege Tank  
  99  6:44  Medivac  
  99  6:45  Medivac  
  104  6:47  SCV x2  
  104  6:49  Marine x2  
  104  6:51  Marine  
  104  6:54  Supply Depot  
  107  6:55  SCV, Armory  
  107  6:59  SCV  
  109  7:11  Supply Depot  
  109  7:13  Supply Depot  
  109  7:15  SCV x3, Siege Tank, Marine x2  
  117  7:18  Barracks Reactor  
  117  7:19  Barracks Reactor  
  117  7:27  Supply Depot  
  117  7:30  Refinery  
  117  7:32  Marine x3  
  117  7:33  SCV x2, Marine x2  
  117  7:36  Supply Depot  
  117  7:37  Supply Depot  
  124  7:40  Medivac x2  
  124  7:42  SCV  
  129  7:50  Marine x3  
  129  7:51  Marine x2  
  134  7:55  Marine x4  
  134  7:58  Siege Tank  
  141  8:08  Marine x5  
  128  8:12  Marine  
  128  8:17  Marine  
  128  8:18  SCV x2  
  129  8:20  Terran Infantry Weapons Level 2  
  129  8:21  Factory, Terran Infantry Armor Level 2  
  129  8:22  Marine x2  
  129  8:26  Marine x4  
  135  8:29  Marine  
  135  8:30  Siege Tank, Marine  
  132  8:36  Marine  
  132  8:37  Medivac x2  
  132  8:40  Marine x2  
  139  8:43  Marine x2  
  139  8:46  Marine x2  
  139  8:47  Marine  
  143  8:48  Marine  
  143  8:54  Marine  
  143  8:55  Supply Depot  
  145  8:58  Marine x2  
  147  9:04  Terran Vehicle Weapons Level 1  
  147  9:05  Marine x5  
  147  9:09  Factory Tech Lab  
  152  9:11  Barracks x2  
  152  9:12  Command Center  
  151  9:18  Marine  
  143  9:25  Marine x7  
  143  9:27  Siege Tank, Marine  
  153  9:32  Medivac  
  153  9:36  Marine  
  153  9:43  Siege Tank, Marine x5  
  161  9:47  Marine  
  161  9:52  Marine x2  
  164  9:54  Marine  
  164  9:57  Unknown  
  165  10:01  Barracks Tech Lab  
  165  10:03  Marine  
  165  10:04  Barracks Tech Lab  
  165  10:07  Supply Depot x2  
  165  10:08  Supply Depot  
  165  10:17  Supply Depot, Marine  
  165  10:18  Sensor Tower  
  165  10:19  Supply Depot x2  
  165  10:23  Marine x7  
  165  10:24  Siege Tank x2, Marauder  
  180  10:35  Marine x2, Marauder  
  184  10:37  Concussive Shells  
  184  10:41  Marine x3  
  184  10:42  Marauder  
  189  10:45  Barracks  
  189  10:47  Marine x3, Marauder  
  194  10:52  Marine  
  194  10:56  Siege Tank  
  198  10:57  Ghost Academy  
  198  11:08  Marauder  
  189  11:21  Marine, Marauder  
  189  11:22  Planetary Fortress  
  189  11:24  Marauder, Marine x2, Command Center, Refinery  
  189  11:25  Refinery  
  196  11:28  Siege Tank  
  196  11:32  Marine, Marauder  
  197  11:37  Marine x3  
  197  11:38  Barracks Tech Lab  
  195  11:42  Marine x2  
  178  11:58  Marine x2  
  178  11:59  Marauder  
  178  12:00  Marine x3, Marauder  
  159  12:01  Siege Tank x2  
  159  12:03  Marine x2  
  159  12:04  Marauder  
  159  12:06  Marine  
  142  12:19  Marine  
  142  12:20  Marine x5, Marauder  
  142  12:21  Marine  
  142  12:22  Marauder  
  153  12:26  Marine  
  153  12:27  Marauder  
  156  12:34  Marine  
  163  12:37  Marine x2  
  163  12:38  Marauder  
  163  12:41  Marine x2  
  163  12:42  Siege Tank, Marauder  
  148  12:54  Marine  
  148  12:55  Marine x4, Marauder  
Show
View Real Time Build Order
Export as new Build Order

EGG Zerg 

Build Orders: Hatch First 

Get SALT Encoding   

  12  0:01  Drone  
  13  0:12  Overlord  
  13  0:18  Drone  
  14  0:31  Drone x2  
  14  0:34  Drone  
  17  0:53  Hatchery  
  17  0:55  Drone  
  17  0:57  Drone  
  18  1:04  Extractor  
  17  1:12  Spawning Pool  
  17  1:16  Drone  
  17  1:19  Drone  
  18  1:29  Drone  
  19  1:38  Overlord  
  19  1:49  Drone  
  20  1:59  Queen  
  20  2:01  Zergling x2  
  23  2:05  Queen  
  23  2:06  Zergling x2  
  23  2:08  Metabolic Boost  
  26  2:11  Drone  
  27  2:21  Drone x2  
  29  2:36  Hatchery  
  28  2:43  Queen  
  29  2:46  Drone x2  
  29  2:49  Drone  
  32  2:51  Drone  
  32  2:58  Overlord  
  33  2:59  Drone  
  33  3:00  Drone  
  35  3:09  Overlord  
  35  3:16  Drone, Queen  
  35  3:17  Drone  
  39  3:20  Drone  
  39  3:21  Drone  
  41  3:29  Drone x4  
  45  3:38  Evolution Chamber  
  45  3:40  Baneling Nest  
  43  3:50  Zergling x12  
  43  3:52  Queen  
  51  3:56  Drone  
  51  3:57  Drone x2  
  51  3:59  Drone  
  55  4:03  Drone x2  
  55  4:06  Overlord  
  55  4:09  Overlord  
  57  4:15  Extractor  
  56  4:25  Zerg Melee Weapons Level 1  
  56  4:26  Drone  
  56  4:28  Drone x2  
  56  4:30  Queen  
  61  4:32  Baneling x3, Zergling x2  
  61  4:33  Zergling x6  
  65  4:42  Overlord  
  65  4:53  Queen  
  60  5:02  Drone  
  60  5:03  Drone x6  
  60  5:05  Spore Crawler  
  66  5:11  Lair  
  65  5:16  Drone x4  
  69  5:25  Drone  
  69  5:26  Drone x4, Overlord  
  74  5:34  Extractor, Overlord  
  73  5:35  Evolution Chamber  
  73  5:42  Drone  
  73  5:43  Drone, Overlord x2  
  73  5:46  Pneumatized Carapace  
  73  5:47  Zergling x10  
  73  5:49  Zergling x2  
  80  5:59  Drone  
  80  6:00  Drone x2  
  83  6:07  Drone  
  83  6:08  Drone x4  
  83  6:10  Extractor, Centrifical Hooks  
  87  6:11  Hydralisk Den  
  87  6:17  Drone x3  
  89  6:20  Extractor  
  89  6:24  Zerg Melee Weapons Level 2  
  88  6:28  Overlord  
  88  6:32  Hatchery  
  87  6:35  Drone x2  
  87  6:36  Drone x2  
  87  6:39  Baneling x3  
  91  6:40  Baneling x2  
  91  6:43  Zergling x2  
  91  6:44  Zergling x10  
  97  6:50  Overlord  
  97  6:51  Drone x3  
  97  6:52  Drone  
  97  6:53  Drone  
  102  6:54  Drone  
  101  7:01  Extractor, Baneling x9  
  101  7:02  Baneling x3  
  101  7:04  Zergling x4  
  100  7:17  Hydralisk x2, Grooved Spines  
  104  7:28  Zergling x16  
  104  7:29  Zergling x12  
  118  7:31  Baneling x3  
  118  7:32  Baneling  
  117  7:41  Hydralisk x2  
  117  7:43  Overlord x2  
  121  7:45  Queen  
  121  7:48  Infestation Pit  
  121  7:50  Baneling x4  
  122  8:04  Zergling x2  
  122  8:05  Zergling x24  
  117  8:16  Zergling x8  
  115  8:22  Hatchery  
  115  8:23  Baneling x11  
  115  8:24  Zergling x10  
  115  8:25  Zergling x2  
  114  8:36  Baneling  
  114  8:37  Baneling x8  
  114  8:39  Zergling x16  
  121  8:46  Zergling x2  
  121  8:47  Zergling x8  
  119  8:53  Hydralisk  
  119  8:54  Hydralisk x2  
  123  9:00  Overseer  
  123  9:01  Zergling x10  
  128  9:07  Baneling  
  128  9:08  Baneling x3, Zergling x2  
  128  9:09  Zergling x6  
  132  9:10  Zergling x2  
  129  9:24  Zergling x12  
  119  9:28  Hive  
  119  9:30  Drone x3  
  124  9:34  Zergling x12  
  124  9:35  Zergling x2  
  130  9:39  Zerg Missile Weapons Level 1  
  130  9:40  Queen  
  131  9:57  Queen  
  132  10:03  Infestor x2, Muscular Augments  
  132  10:04  Infestor  
  132  10:05  Drone x4  
  132  10:06  Overlord x2  
  142  10:12  Overlord x2  
  142  10:25  Extractor x2  
  142  10:27  Hydralisk  
  142  10:28  Hydralisk x7, Spire  
  154  10:44  Ultralisk Cavern  
  154  10:47  Hatchery  
  152  10:50  Zergling x6  
  152  10:51  Zergling x16  
  152  10:55  Adrenal Glands  
  163  10:59  Baneling x2  
  157  11:16  Hydralisk x6  
  160  11:36  Chitinous Plating  
  160  11:37  Ultralisk  
  128  12:01  Zergling x22  
  89  12:02  Zergling x12  
  89  12:06  Queen  
  104  12:22  Hatchery  
  103  12:31  Drone x3  
  103  12:33  Ultralisk  
Tags
 
Add a new tag
Caveats
  • Supply blocks, unpowered buildings, or Contaminate may cause inaccurate times.
  • Supply counts are checked every 10 seconds.